 Dungeon Crawl Stone Soup version 0.27-a0-1416-g941b2bd30b (webtiles) character file.

Game seed: 13754684497446558572

1459250 McSplat the Earth Mage (level 27, 221/221 HPs)
             Began as a Grey Draconian Air Elementalist on June 30, 2021.
             Was the Champion of Qazlal.
             Escaped with the Orb
             ... and 3 runes on July 2, 2021!
             The game lasted 07:00:16 (98973 turns).

McSplat the Earth Mage (DrAE)                      Turns: 98973, Time: 07:00:17

Health: 221/221    AC: 30    Str: 10    XL:     27
Magic:  34/37      EV: 22    Int: 34    God:    Qazlal [******]
Gold:   1148       SH: 13    Dex: 14    Spells: 3/56 levels left

rFire    + + +     SeeInvis +   a - +9 demon whip (vorpal)
rCold    + + +     Faith    +   w - +0 buckler {AC+3}
rNeg     . . .     Spirit   .   (armour unavailable)
rPois    +         Reflect  .   M - +2 hat
rElec    .         Harm     .   Q - +0 cloak of Mental Paralysis {rPois rF++ Int+7}
rCorr    +         Rampage  .   y - +2 pair of gloves
Will     +++++                  W - +2 pair of boots {Stlth+}
Stlth    +.........             p - amulet of Arem {Faith rF+ rC+ rCorr SInv}
HPRegen  0.46/turn              A - ring "Manuon" {Ice Will++}
MPRegen  0.25/turn              U - ring of Summertime {rF+ rC+ Will+ Dex+4 Slay+3}

@: studying 3 skills, repel missiles
A: AC +18, amphibious, unfitting armour, cold-blooded, clumsy 2, frail 1, low mp
1, subdued magic 1
0: Orb of Zot
}: 3/15 runes: serpentine, barnacled, silver
a: Renounce Religion, Upheaval, Elemental Force, Disaster Area


You escaped.
You worshipped Qazlal.
Qazlal was exalted by your worship.
You visited 9 branches of the dungeon, and saw 48 of its levels.
You also visited: Ice Cave.

You collected 8084 gold pieces.
You spent 6936 gold pieces at shops.

Inventory:

Hand Weapons
 a - a +9 vorpal demon whip (weapon)
 B - the +6 shillelagh "Devastator" {shatter}
   (You found it on level 6 of the Dungeon)
Missiles
 l - 4 boomerangs of dispersal
 t - 12 throwing nets (quivered)
 J - a curare-tipped dart
 L - 15 atropa-tipped darts
Armour
 r - the +1 cloak "Aghy" {Regen+}
   (You found it on level 1 of the Depths)

   Regen:     It increases your rate of health regeneration.
 w - a +0 buckler of protection (worn)
 y - a +2 pair of gloves (worn)
 M - a +2 hat (worn)
 Q - the +0 cloak of Mental Paralysis (worn) {rPois rF++ Int+7}
   (You found it on level 4 of the Shoals)

   Int:       It affects your intelligence (+7).
   rF:        It greatly protects you from fire.
   rPois:     It protects you from poison.
 W - a +2 pair of boots of stealth (worn)
Magical Staves
 b - a staff of conjuration
Jewellery
 k - a ring of poison resistance
 p - the amulet of Arem (around neck) {Faith rF+ rC+ rCorr SInv}
   (You bought it in a shop on level 3 of the Snake Pit)

   [amulet of faith]

   It allows you to gain divine favour quickly.
   rF:        It protects you from fire.
   rC:        It protects you from cold.
   SInv:      It lets you see invisible.
   rCorr:     It protects you from acid and corrosion.
 A - the ring "Manuon" (left hand) {Ice Will++}
   (You bought it in a shop on level 2 of the Orcish Mines)

   [ring of ice]

   It enhances your ice magic.
   rF:        It makes you vulnerable to fire.
   rC:        It protects you from cold.
   Will:      It greatly increases your willpower.
 D - a +4 ring of evasion
 E - the ring "Qokep" {rF++ rC+}
   (You took it off a fire giant on level 5 of the Vaults)

   [ring of protection from cold]

   rF:        It greatly protects you from fire.
   rC:        It protects you from cold.
 U - the ring of Summertime (right hand) {rF+ rC+ Will+ Dex+4 Slay+3}
   (You bought it in a shop on level 3 of the Snake Pit)

   [ring of willpower]

   Dex:       It affects your dexterity (+4).
   Slay:      It affects your accuracy & damage with ranged weapons and melee
   (+3).
   rF:        It protects you from fire.
   rC:        It protects you from cold.
   Will:      It increases your willpower.
 Y - a +6 ring of dexterity
Wands
 c - a wand of polymorph (5)
 v - a wand of digging (19)
 H - a wand of flame (17)
Scrolls
 e - 5 scrolls of fog
 f - 3 scrolls of enchant weapon
 h - 4 scrolls of holy word
 m - 15 scrolls of teleportation
 n - 4 scrolls of blinking
 s - 5 scrolls of fear
 u - 25 scrolls of identify
 x - 7 scrolls of silence
 G - 8 scrolls of amnesia
 P - a scroll of magic mapping
Potions
 g - 5 potions of flight
 i - a potion of haste
 j - 5 potions of brilliance
 q - 4 potions of heal wounds
 z - 6 potions of cancellation
 C - 4 potions of mutation
 F - 3 potions of might
 I - 8 potions of ambrosia
 K - 6 potions of berserk rage
 O - 2 potions of magic
 R - a potion of invisibility
 S - 9 potions of curing
 T - 6 potions of resistance
Miscellaneous
 d - a lightning rod (4/4)
 o - a phantom mirror (inert)
 X - a phial of floods


   Skills:
 - Level 20.0 Fighting
 - Level 14.0 Maces & Flails
 - Level 20.0 Dodging
 - Level 2.0 Stealth
 - Level 4.0 Shields
 - Level 15.0 Spellcasting
 - Level 20.0 Conjurations
 - Level 3.6 Hexes
 - Level 3.7 Summonings
 - Level 5.0 Necromancy
 - Level 6.5 Transmutations
 - Level 4.0 Ice Magic
 - Level 10.0 Air Magic
 + Level 20.9 Earth Magic
 - Level 1.1 Poison Magic
 - Level 20.0 Invocations
 - Level 1.0 Evocations


You had 3 spell levels left.
You knew the following spells:

 Your Spells              Type           Power      Damage    Failure   Level
a - Shock                 Conj/Air       100%       1d9       0%          1
b - Lehudib's Crystal Sp  Conj/Erth      45%        10d11     1%          8
c - Swiftness             Air            64%        N/A       1%          3
d - Orb of Destruction    Conj           45%        9d15      1%          7
e - Lightning Bolt        Conj/Air       39%        1d57      1%          5
f - Mephitic Cloud        Conj/Pois/Air  65%        N/A       1%          3
g - Leda's Liquefaction   Hex/Erth       35%        N/A       1%          4
h - Freezing Cloud        Conj/Ice/Air   43%        6-21      1%          5
i - Statue Form           Tmut/Erth      50%        N/A       1%          6
j - Borgnjor's Vile Clut  Necr/Erth      36%        N/A       1%          5
k - Iron Shot             Conj/Erth      45%        9d9       1%          6

Your spell library contained the following spells:

 Spells                   Type           Power      Damage    Failure   Level
 Magic Dart               Conj           100%       1d8       0%          1
 Sandblast                Erth           100%       2d20      0%          1
 Passwall                 Tmut/Erth      62%        N/A       0%          2
 Searing Ray              Conj           100%       3d7       0%          2
 Static Discharge         Conj/Air       78%        N/A       0%          2
 Stone Arrow              Conj/Erth      100%       3d13      0%          3
 Animate Skeleton         Necr           90%        N/A       1%          1
 Apportation              Tloc           38%        N/A       1%          1
 Beastly Appendage        Tmut           100%       N/A       1%          1
 Corona                   Hex            42%        N/A       1%          1
 Freeze                   Ice            100%       1d11      1%          1
 Pain                     Necr           100%       1d9       1%          1
 Sting                    Tmut/Pois      100%       1d8       1%          1
 Summon Small Mammal      Summ           100%       N/A       1%          1
 Blink                    Tloc           N/A        N/A       1%          2
 Call Imp                 Summ           39%        N/A       1%          2
 Corpse Rot               Necr/Air       N/A        N/A       1%          2
 Ensorcelled Hibernation  Hex/Ice        100%       N/A       1%          2
 Poisonous Vapours        Pois/Air       96%        N/A       1%          2
 Slow                     Hex            38%        N/A       1%          2
 Wereblood                Tmut           52%        N/A       1%          2
 Confusing Touch          Hex            38%        N/A       1%          3
 Conjure Flame            Conj/Fire      64%        6-21      1%          3
 Dazzling Flash           Conj/Hex       100%       N/A       1%          3
 Frozen Ramparts          Ice            100%       1d12      1%          3
 Ozocubu's Armour         Ice            57%        N/A       1%          3
 Spider Form              Tmut/Pois      19%        N/A       1%          3
 Summon Guardian Golem    Hex/Summ       38%        N/A       1%          3
 Tukima's Dance           Hex            38%        N/A       1%          3
 Vampiric Draining        Necr           22%        2d9       1%          3
 Gell's Gravitas          Tloc           9%         N/A       3%          3
 Lesser Beckoning         Tloc           9%         N/A       3%          3
 Lee's Rapid Deconstruct  Erth           46%        3d23*     0%          5
 Airstrike                Air            32%        N/A       1%          4
 Animate Dead             Necr           22%        N/A       1%          4
 Dispel Undead            Necr           45%        3d17      1%          4
 Fulminant Prism          Conj/Hex       34%        3d16      1%          4
 Hailstorm                Conj/Ice       89%        3d18      1%          4
 Ice Form                 Ice/Tmut       63%        N/A       1%          4
 Iskenderun's Mystic Bla  Conj/Tloc      64%        2d13      1%          4
 Petrify                  Tmut/Erth      75%        N/A       1%          4
 Summon Lightning Spire   Summ/Air       53%        N/A       1%          4
 Bolt of Magma            Conj/Fire/Erth 37%        4d16      1%          5
 Irradiate                Conj/Tmut      36%        3d25      1%          5
 Silence                  Hex/Air        26%        N/A       1%          5
 Summon Ice Beast         Ice/Summ       56%        N/A       2%          4
 Blade Hands              Tmut           26%        N/A       2%          5
 Agony                    Necr           45%        N/A       4%          5
 Yara's Violent Unravell  Hex/Tmut       23%        3d10      4%          5
 Alistair's Intoxication  Tmut/Pois      26%        N/A       7%          5
 Metabolic Englaciation   Hex/Ice        28%        N/A       7%          5
 Spellforged Servitor     Conj/Summ      34%        N/A       9%          7
 Passage of Golubria      Tloc           N/A        N/A       13%         4
 Summon Forest            Summ/Tloc      14%        N/A       17%         5
 Death Channel            Necr           22%        N/A       26%         6
 Shatter                  Erth           46%        3d35*     26%         9
 Simulacrum               Ice/Necr       29%        N/A       32%         6
 Manifold Assault         Tloc           19%        N/A       36%         5
 Storm Form               Tmut/Air       29%        N/A       36%         7
 Eringya's Noxious Bog    Tmut/Pois      19%        N/A       41%         6
 Invisibility             Hex            19%        N/A       43%         6
 Dragon Form              Tmut           26%        N/A       61%         7
 Maxwell's Capacitive Co  Air            32%        ∞         83%         8
 Ozocubu's Refrigeration  Ice            28%        4d10      93%         7
 Summon Hydra             Summ           19%        N/A       95%         7
 Borgnjor's Revivificati  Necr           22%        N/A       100%        8
 Ignition                 Fire           9%         3d5       100%        8
 Necromutation            Tmut/Necr      24%        N/A       100%        8
 Dragon's Call            Summ           19%        N/A       100%        9
 Polar Vortex             Ice            28%        N/A       100%        9
 Animate Armour           Summ/Erth      Unusable   N/A       N/A         4

Dungeon Overview and Level Annotations

Branches:
Dungeon (15/15)            Temple (0/1) D:6            Lair (6/6) D:8
 Shoals (4/4) Lair:2        Snake (4/4) Lair:3        Slime (0/5) Lair:5
    Orc (2/2) D:11            Elf (2/3) Orc:2        Vaults (5/5) D:13
  Crypt (0/3) Vaults:3     Depths (5/5) D:15            Zot (5/5) Depths:5
  IceCv (visited)

Altars:
Cheibriados
Dithmenos
Elyvilon
Fedhas
Gozag
Okawaru
Qazlal
Ru
Sif Muna
Uskayaw
Vehumet
The Shining One

Shops:
D:1 :   D:5 *?=[=   D:7 *   D:9 *   D:13 *   Orc:2 [=(!   Elf:1 (   Shoals:4 ?
Snake:1 [*[*   Snake:3 =:=   Vaults:1 *   Depths:1 ::   Depths:4 :*

Portals:
Hell: Depths:1 Depths:2 Depths:3 Depths:4 Depths:5
Abyss: Zot:5 Depths:3 Depths:4 Depths:5
Pandemonium: Depths:3
Ziggurat: Depths:3
Trove: Depths:3 (lose all piety)

Annotations:
D:4 Sigmund
D:14 Phlounder's ghost, adept DjWn
Shoals:4 exclusion: oklob plant
Elf:2 Nikola
Vaults:1 1 runed translucent door, Switch's ghost, veteran DDFi
Vaults:4 exclusion: orange crystal statue
Depths:3 2 runed translucent doors
Depths:4 6 runed translucent doors
Zot:5 2 transporters, 2 exclusions, Ushret's ghost, legendary GnFE


Innate Abilities, Weirdness & Mutations

Your dull iron-grey scales are very hard. (AC +18)
You are amphibious.
You cannot fit into any form of body armour.
You are cold-blooded and may be slowed by cold attacks.
You are very clumsy. (Dex -4)
You are frail. (-10% HP)
Your magical capacity is low. (-10% MP)
Your spells are a little easier to cast, but a little less powerful.


Message History

There is a stone staircase leading up, spattered with blood here.
Casting: Lehudib's Crystal Spear (mildly dangerous; 1% risk of failure)
Confirm with . or Enter, or press ? or * to list all spells.
Aiming: Lehudib's Crystal Spear (mildly dangerous; 1% risk of failure)
Press: ? - help, Shift-Dir - straight line, f/p - Executioner
Aim: an Executioner (severely wounded, fast, 70% to hit)
The crystal spear hits the Executioner!!!
You kill the Executioner!
Qazlal accepts your kill.
Training target 20.0 for Conjurations reached!
Your Conjurations skill increases to level 20!
You need to enable at least one skill for training.
Unknown command.
Unknown command.
You climb upwards.
Level annotation: Sigmund
There is a stone staircase leading down here.
(D) Dungeon (T) Temple (L) Lair (A) Shoals (P) Snake Pit (M) Slime Pits (O) Orcish Mines (E) Elven Halls (V) Vaults (C) Crypt (U) Depths (H) Hell (Z) Zot
Where to? (Enter - D:1 @ (x,y), ? - help)
What level of the Dungeon? (default 1, ? - help)
There is an open door here.
There is a stone staircase leading up here.
You climb upwards.
There is a stone staircase leading down here.
Your protection from physical attacks is fading.
You feel less protected from physical attacks.
There is a stone staircase leading up here.
You climb upwards.
There is a stone staircase leading down here.
There is a stone staircase leading up here.
You climb upwards.
There is a stone staircase leading down here.
HP restored.
You see here a +0 dagger.
You see here a +0 club.
There is a staircase leading out of the dungeon here.
You have escaped!

♣♣♣♣♣♣♣♣♣ ♣.......♣
♣...PPP.♣ ♣(.≈≈≈P.♣
####### ♣..≈8≈P.♣
#...... ♣.P≈≈≈P°♣
########.#####
♣.PPPPP○♣##.........##..
♣...°..@♣....###.#..##.#
♣♣♣♣♣.♣♣♣....###.#..##)#
#.###)# #####.......##.#
#.##..# #.##.##.##.#
#.##.## #.##.##.##.#
#....# #.##.##.##.#
#..### #.##.##.##.# #..#
###.##.##.##.#
#..########.............


There were no monsters in sight!

Vanquished Creatures
  2 ancient liches (Zot:5)
  6 dread liches
  4 orbs of fire (Zot:5)
  2 juggernauts
  Boris (twice) (Depths:5 Vaults:5)
  Frederick (Vaults:5)
  Bai Suzhen (D:15)
  8 Killer Klowns (Zot:5)
  Vashnia (Snake:2)
  A caustic shrike (Depths:1)
  6 golden dragons
  A Tzitzimitl (Zot:4)
  3 electric golems
  A hellephant (Depths:1)
  12 tentacled monstrosities
  24 Orb Guardians
  An Ice Fiend (D:11)
  5 liches
  5 quicksilver dragons
  A kraken (Shoals:3)
  4 titans (Vaults:5)
  6 death cobs
  4 sphinxes
  2 Executioners
  Polyphemus (Shoals:2)
  Agnes (Snake:4)
  Kirke (Snake:4)
  11 nagarajas
  Ilsuiw (Shoals:4)
  7 shadow dragons
  12 storm dragons
  4 draconian monks
  4 tengu reavers
  11 frost giants
  An emperor scorpion (shapeshifter) (Vaults:5)
  A deep elf sorcerer (Vaults:3)
  4 ghost moths
  22 vault wardens
  Aizul (Snake:4)
  8 fire giants
  2 iron dragons (Depths:4)
  5 draconian knights
  4 draconian stormcallers
  4 orc warlords
  4 draconian shifters
  6 draconian scorchers
  10 spriggan defenders
  7 draconian annihilators
  20 ironbound preservers
  26 very ugly things
  4 war gargoyles
  20 stone giants
  6 vampire knights
  13 black draconians
  10 green draconians
  3 deep elf demonologists
  10 yellow draconians
  3 red draconians
  An entropy weaver (shapeshifter) (Vaults:5)
  2 lorocyprocas
  3 dire elephants
  3 entropy weavers
  8 purple draconians
  4 spark wasps
  2 deep elf annihilators
  10 white draconians
  15 ettins
  A deep elf death mage (Depths:5)
  4 merfolk javelineers (Shoals:4)
  14 merfolk impalers
  9 great orbs of eyes
  Fannar (Lair:1)
  6 fire dragons
  A jiangshi (Vaults:3)
  4 deep elf high priests
  Harold (Lair:1)
  19 yaktaur captains
  2 boulder beetles
  5 rakshasas
  33 vault guards
  A peacekeeper (Vaults:2)
  4 ironbound thunderhulks
  A hydra (shapeshifter) (D:15)
  13 naga warriors
  6 spriggan air magi
  Erolcha (Orc:2)
  An ice dragon (shapeshifter) (Depths:4)
  An ogre mage (D:10)
  2 salamander tyrants (Snake:4)
  7 hydras
  9 ironbound frosthearts
  2 catoblepae
  7 anacondas
  8 two-headed ogres
  9 ice dragons
  An alligator snapping turtle (Shoals:2)
  14 centaur warriors
  2 merfolk avatars
  Erica (Lair:2)
  10 merfolk aquamancers
  4 death knights
  11 dancing weapons (Elf:1)
  16 deep troll earth magi
  5 vampire magi
  An alligator (shapeshifter) (Vaults:5)
  4 death yaks
  10 shock serpents
  5 ironbound beastmasters
  6 deep troll shamans
  4 tengu warriors
  19 naga sharpshooters
  3 deep elf knights
  4 orc high priests
  2 spriggan berserkers
  7 hell knights
  A sun demon (Depths:3)
  3 shadow wraiths
  12 iron trolls
  A storm dragon skeleton (Depths:1)
  A sixfirhy (Depths:3)
  5 salamander mystics (Snake:4)
  9 skeletal warriors
  13 sea snakes
  2 golden dragon zombies
  58 deep trolls
  3 flayed ghosts
  19 ironbound convokers
  6 glowing orange brains
  2 phantasmal warriors
  3 naga ritualists
  4 deep elf archers
  A shadow demon (Zot:5)
  An obsidian statue (Zot:5)
  A shadow dragon zombie (Depths:5)
  2 sphinx zombies
  9 deep elf pyromancers (Elf:1)
  12 deep elf zephyrmancers
  14 wizards
  Pikel (D:8)
  5 necromancers
  6 mana vipers
  7 lindwurms
  18 orc knights
  2 frost giant zombies
  5 orc sorcerers
  18 harpies
  42 ugly things
  7 salamanders
  3 fauns
  20 manticores
  16 moths of wrath
  A stone giant skeleton (Vaults:4)
  6 cyclopes
  A fire giant zombie (Vaults:4)
  A toenail golem (Zot:4)
  18 vault sentinels
  9 merfolk sirens
  An ice statue (IceCv)
  17 naga magi
  2 torpor snails (shapeshifter)
  4 guardian serpents
  Joseph (D:8)
  2 black mambas (shapeshifter) (Vaults:5)
  A smoke demon (Zot:1)
  7 water nymphs
  23 black mambas
  2 orange demons (Depths:3)
  27 cane toads
  A cane toad (shapeshifter) (D:13)
  A hellion (Zot:5)
  An unseen horror (D:13)
  An ice devil (Depths:3)
  Maggie (D:10)
  14 komodo dragons
  34 yaktaurs
  2 tormentors
  2 rime drakes
  An efreet (D:15)
  3 freezing wraiths
  A spriggan skeleton (Depths:1)
  3 tengu conjurers
  A demonic crawler (D:13)
  A yaktaur skeleton (Vaults:4)
  A hellwing (Depths:3)
  3 meliai (D:15)
  6 wind drakes
  A queen bee (D:10)
  A red devil (Depths:3)
  6 tyrant leeches
  32 merfolk
  7 trolls
  19 polar bears
  A jumping spider (shapeshifter) (Depths:5)
  45 slime creatures
  9 hornets
  23 blink frogs
  4 dream sheep (Shoals:3)
  An ettin zombie (Depths:1)
  A deep troll skeleton (Vaults:4)
  8 snapping turtles
  7 spriggans
  A flying skull (Vaults:3)
  19 water elementals
  4 redbacks
  3 air elementals
  A spriggan (shapeshifter) (Elf:1)
  58 yaks
  3 wraiths
  2 elf zombies (Vaults:4)
  7 wyverns
  A human (Snake:4)
  2 golden eyes (shapeshifter)
  4 basilisks
  A hog (Snake:3)
  23 vampire mosquitoes
  A neqoxec (Depths:3)
  3 steam dragons (D:10)
  Grum (D:8)
  An elf simulacrum (Vaults:4)
  Edmund (D:5)
  52 nagas
  2 wargs
  3 swamp worms (D:13)
  An acid dragon (D:13)
  8 water moccasins
  A human skeleton (Vaults:4)
  6 sky beasts
  35 orc warriors
  3 black bears
  A spriggan simulacrum (D:14)
  A necrophage (D:7)
  9 ogres
  53 wolves
  8 boggarts
  25 centaurs
  A lemure (D:8)
  2 phantoms
  A kobold brigand (D:10)
  16 bullfrogs
  A gnoll sergeant (D:6)
  3 scorpions
  A wyvern skeleton (D:7)
  2 water moccasin skeletons
  40 killer bees
  3 wights (D:6)
  9 electric eels
  7 howler monkeys
  3 centaur zombies
  3 hounds
  A human simulacrum (Vaults:4)
  A centaur skeleton (D:5)
  2 jellies
  14 orc priests
  2 iguanas
  19 orc wizards
  2 yak simulacra (Lair:2)
  2 polar bear simulacra (Lair:2)
  5 wolf simulacra (Lair:2)
  A hound skeleton (D:4)
  4 howler monkey zombies
  8 adders
  11 gnolls
  A shadow imp (D:7)
  A white imp (D:7)
  An adder zombie (D:5)
  2 adder skeletons (D:4)
  3 worms
  2 dart slugs
  40 orcs
  7 ball pythons
  11 endoplasms
  4 giant cockroaches
  13 goblins
  8 hobgoblins
  4 jackals
  5 quokkas
  7 bats
  3 frilled lizards
  7 kobolds
  6 rats
  2 river rat simulacra (Lair:2)
  2 tentacles (Shoals:3)
2033 creatures vanquished.

Vanquished Creatures (collateral kills)
  A kraken (Shoals:4)
  A draconian knight (Zot:4)
  A vault warden (Vaults:4)
  An ironbound preserver (Vaults:4)
  A red draconian (Zot:1)
  A deep elf annihilator (Vaults:4)
  A salamander tyrant (Snake:4)
  An ironbound frostheart (Vaults:4)
  A death knight (D:10)
  A shock serpent (Snake:2)
  A salamander mystic (Snake:4)
  A deep troll (Vaults:4)
  A phantasmal warrior (D:10)
  A salamander (Snake:4)
  A naga mage (Snake:4)
  A spriggan (Depths:3)
  A naga (Snake:4)
  2 killer bees (D:8)
19 creatures vanquished.

Vanquished Creatures (others)
  A vault warden (Vaults:3)
  A draconian stormcaller (Depths:5)
  A vault guard (Vaults:5)
  A death knight (D:14)
  A necromancer (Lair:2)
  A deep elf zephyrmancer (Elf:1)
  3 humans (Snake:4)
  2 nagas
  A wolf (IceCv)
  3 bushes (Lair:2)
  14 fungi
  259 plants
  18 tentacles
306 creatures vanquished.

Grand Total: 2358 creatures vanquished

Notes
Turn   | Place    | Note
-------+----------+-------------------------------------------
     0 | D:1      | McSplat the Draconian Air Elementalist began the quest for
                  | the Orb.
     0 | D:1      | Reached XP level 1. HP: 14/14 MP: 3/3
   210 | D:1      | Reached XP level 2. HP: 14/20 MP: 0/5
   571 | D:1      | Learned a level 2 spell: Static Discharge
   705 | D:1      | Reached XP level 3. HP: 26/26 MP: 1/6
  1050 | D:1      | Found Pangaeh's Book Boutique.
  1707 | D:1      | Found a faded altar of an unknown god.
  1919 | D:2      | Reached XP level 4. HP: 29/33 MP: 2/8
  2006 | D:2      | Learned a level 3 spell: Swiftness
  2051 | D:2      | Found a stormy altar of Qazlal.
  2059 | D:2      | Became a worshipper of Qazlal Stormbringer
  2639 | D:3      | Reached XP level 5. HP: 33/38 MP: 1/9
  3040 | D:3      | Reached * piety under Qazlal
  3339 | D:3      | Found a snail-covered altar of Cheibriados.
  3898 | D:4      | Learned a level 4 spell: Airstrike
  3999 | D:4      | Noticed a black bear
  4079 | D:4      | Reached XP level 6. HP: 45/45 MP: 6/11
  4117 | D:4      | Noticed Sigmund
  4610 | D:4      | Reached skill level 5 in Air Magic
  5200 | D:5      | Entered Level 5 of the Dungeon
  5349 | D:5      | Your scales start taking on a dull iron-grey colour.
  5349 | D:5      | Reached XP level 7. HP: 50/50 MP: 5/13
  5419 | D:5      | Found Roitroob's Jewellery Boutique.
  5835 | D:5      | Learned a level 5 spell: Lightning Bolt
  5925 | D:5      | Noticed Edmund
  5942 | D:5      | Killed Edmund
  6149 | D:5      | Reached skill level 5 in Conjurations
  6154 | D:5      | Reached skill level 5 in Spellcasting
  6756 | D:5      | Found Taimeg's Jewellery Shop.
  7192 | D:5      | Found Enol's Magic Scroll Emporium.
  7208 | D:5      | Reached skill level 5 in Air Magic
  7278 | D:5      | Found Wisas's Antique Armour Shoppe.
  7283 | D:5      | Bought a glowing hat for 224 gold pieces
  7347 | D:5      | Found Dayr's General Store.
  7698 | D:6      | Reached XP level 8. HP: 40/57 MP: 5/16
  8307 | D:6      | Learned a level 3 spell: Mephitic Cloud
  8311 | D:6      | Found a staircase to the Ecumenical Temple.
  8376 | D:6      | Found an opulent altar of Gozag.
  8638 | D:6      | Reached skill level 1 in Poison Magic
  8704 | D:6      | Found the +6 shillelagh "Devastator" {shatter}
  9234 | D:7      | Reached ** piety under Qazlal
  9235 | D:7      | Reached skill level 1 in Maces & Flails
  9341 | D:7      | Noticed a hornet
  9344 | D:7      | Killed a hornet
  9345 | D:7      | Reached skill level 1 in Invocations
  9345 | D:7      | Reached XP level 9. HP: 62/62 MP: 5/18
  9638 | D:7      | Found a radiant altar of Vehumet.
  9834 | D:7      | Found Giliag's General Store.
  9945 | D:5      | Bought a pair of gloves for 144 gold pieces
 10687 | D:8      | Found a white marble altar of Elyvilon.
 10861 | D:8      | Found an iron altar of Okawaru.
 10939 | D:8      | Found a staircase to the Lair.
 11035 | D:8      | Noticed a cyclops
 11040 | D:8      | Killed a cyclops
 11096 | D:8      | Noticed Joseph
 11162 | D:8      | Noticed Pikel
 11165 | D:8      | Noticed Grum
 11172 | D:8      | Killed Pikel
 11173 | D:8      | Reached skill level 5 in Maces & Flails
 11173 | D:8      | Reached XP level 10. HP: 69/69 MP: 9/20
 11173 | D:8      | Killed Grum
 11645 | D:8      | Killed Joseph
 11820 | D:9      | Found Cotoudd's General Store.
 11836 | D:9      | Bought a +0 buckler for 63 gold pieces
 12027 | D:9      | Reached skill level 1 in Shields
 12047 | D:9      | Reached *** piety under Qazlal
 12180 | D:9      | Found a hide-covered altar of Uskayaw.
 12182 | D:9      | Found a blossoming altar of Fedhas.
 12416 | D:9      | Found a glowing golden altar of the Shining One.
 12816 | D:10     | Entered Level 10 of the Dungeon
 12835 | D:10     | Noticed Maggie
 12839 | D:10     | Killed Maggie
 12902 | D:10     | Reached skill level 5 in Invocations
 13106 | D:10     | Noticed an ogre mage
 13116 | D:10     | Killed an ogre mage
 13117 | D:10     | Reached XP level 11. HP: 74/74 MP: 5/21
 13130 | D:10     | Reached skill level 10 in Conjurations
 13419 | D:10     | Noticed a two-headed ogre
 13425 | D:10     | Killed a two-headed ogre
 13426 | D:10     | Reached skill level 1 in Fighting
 13951 | D:10     | Reached **** piety under Qazlal
 14197 | D:10     | Noticed a phantasmal warrior
 14198 | D:10     | Noticed a death knight
 14212 | D:10     | Noticed a two-headed ogre
 14531 | Lair:1   | Entered Level 1 of the Lair of Beasts
 14539 | Lair:1   | Noticed a six-headed hydra
 14759 | D:9      | Identified a scroll of acquirement
 14760 | D:9      | Acquired 702 gold pieces
 14827 | D:5      | Bought a scroll of acquirement for 728 gold pieces
 14827 | D:5      | Acquired 909 gold pieces
 14843 | D:5      | Bought a glowing scarf for 256 gold pieces
 14874 | D:5      | Bought a scroll of blinking for 105 gold pieces
 15010 | D:10     | Killed a two-headed ogre
 15011 | D:10     | Reached skill level 5 in Fighting
 15765 | D:10     | Killed a phantasmal warrior
 15766 | D:10     | Killed a death knight
 15767 | D:10     | Reached XP level 12. HP: 29/94 MP: 12/23
 16091 | D:11     | Noticed a two-headed ogre
 16098 | D:10     | Killed a two-headed ogre
 16120 | D:11     | Noticed a six-headed hydra
 16140 | D:10     | Killed a six-headed hydra
 16871 | D:11     | Found a staircase to the Orcish Mines.
 16922 | D:11     | Noticed a rakshasa
 16945 | D:11     | Killed a rakshasa
 17457 | Orc:1    | Entered Level 1 of the Orcish Mines
 17458 | Orc:1    | Noticed a two-headed ogre
 17475 | D:11     | Killed a two-headed ogre
 17646 | Orc:1    | Noticed a two-headed ogre
 17832 | D:11     | Killed a two-headed ogre
 18163 | Orc:1    | Noticed an orc high priest
 18263 | D:11     | Reached skill level 10 in Invocations
 18289 | Orc:1    | Killed an orc high priest
 18651 | Orc:2    | Entered Level 2 of the Orcish Mines
 18864 | Orc:2    | Noticed an orc high priest
 18972 | Orc:2    | Noticed an orc high priest
 19093 | Orc:2    | Reached skill level 5 in Dodging
 19263 | Orc:2    | Reached ***** piety under Qazlal
 19608 | Lair:1   | Killed a six-headed hydra
 19637 | Lair:1   | Reached skill level 10 in Maces & Flails
 19637 | Lair:1   | Reached XP level 13. HP: 80/107 MP: 16/24
 19729 | Lair:1   | Noticed Fannar
 19749 | Lair:1   | Killed Fannar
 20190 | Lair:1   | Noticed Sonja
 20191 | Lair:1   | Noticed Sonja
 20191 | Lair:1   | Sonja changed into Sonja the blink frog
 20196 | Lair:1   | Killed Sonja the blink frog
 20375 | Lair:1   | Noticed Harold
 20385 | Lair:1   | Killed Harold
 21439 | Lair:2   | Noticed Erica
 21446 | Lair:2   | Killed Erica
 22002 | Lair:2   | Found a staircase to the Shoals.
 22594 | Lair:3   | Reached skill level 10 in Fighting
 22861 | Lair:3   | Found a staircase to the Snake Pit.
 24881 | Lair:5   | Reached XP level 14. HP: 96/121 MP: 10/25
 24973 | Lair:5   | Found a staircase to the Slime Pits.
 25764 | Lair:6   | Entered Level 6 of the Lair of Beasts
 28618 | Orc:2    | Found a staircase to the Elven Halls.
 28786 | Orc:2    | Noticed an orc warlord
 28801 | Orc:2    | Killed an orc warlord
 29097 | Orc:2    | Noticed Erolcha
 29103 | Orc:2    | Killed Erolcha
 29422 | Orc:2    | Found Vihe's Distillery.
 29426 | Orc:2    | Found Oriets's Weapon Shop.
 29434 | Orc:2    | Found Weesheh's Jewellery Shop.
 29436 | Orc:2    | Found Feon's Antique Armour Emporium.
 30207 | D:12     | Reached XP level 15. HP: 126/126 MP: 10/26
 31041 | D:13     | Found Dide's Elemental Accessories.
 31054 | D:13     | Found a frozen archway.
 31062 | IceCv    | Entered an ice cave
 31383 | IceCv    | Reached ****** piety under Qazlal
 31947 | IceCv    | Noticed a frost giant
 31956 | IceCv    | Killed a frost giant
 32024 | IceCv    | Identified the ring of Zibeut {rC+ Str+3}
 32027 | IceCv    | Got Taugaxorph's Disquisition on Slavery and the Birds
 32038 | IceCv    | Learned a level 4 spell: Summon Lightning Spire
 32378 | D:13     | Learned a level 5 spell: Freezing Cloud
 32481 | D:13     | Reached skill level 1 in Summonings
 32481 | D:13     | Reached skill level 1 in Ice Magic
 32625 | D:13     | Identified the +6 battleaxe of Context {vorpal, Contam
                  | rElec rPois}
 32801 | D:13     | Bought the Grimoire of the Mountains for 770 gold pieces
 32949 | Orc:2    | Bought the ring "Manuon" {Ice Will++} for 525 gold pieces
 33158 | D:5      | Bought a ring of poison resistance for 200 gold pieces
 33749 | D:14     | Found a transporter.
 33751 | D:14     | Noticed Phlounder's ghost (adept DjWn)
 33818 | D:14     | Found a transporter.
 34033 | D:13     | Found a gate to the Vaults.
 34783 | D:15     | Entered Level 15 of the Dungeon
 35684 | D:15     | Reached XP level 16. HP: 92/134 MP: 4/28
 35962 | D:15     | Learned a level 4 spell: Leda's Liquefaction
 35969 | D:15     | Found a staircase to the Depths.
 36555 | Snake:1  | Entered Level 1 of the Snake Pit
 36569 | Snake:1  | Reached skill level 1 in Earth Magic
 36929 | Snake:1  | Reached skill level 1 in Hexes
 37297 | Snake:1  | Found Ojitinaw's Armour Boutique.
 37670 | Snake:1  | Found Ciocit's Assorted Antiques.
 37670 | Snake:1  | Found Xolilimul's Armour Shop.
 37673 | Snake:1  | Found Kuwnag's General Store.
 38565 | Snake:2  | Reached skill level 5 in Earth Magic
 38788 | Snake:2  | Learned a level 6 spell: Statue Form
 38873 | Snake:2  | Reached skill level 1 in Transmutations
 38991 | Snake:1  | Bought a potion of curing for 57 gold pieces
 38991 | Snake:1  | Bought a potion of curing for 57 gold pieces
 39210 | D:5      | Bought a scroll of magic mapping for 49 gold pieces
 39382 | Orc:2    | Bought a potion of resistance for 130 gold pieces
 39382 | Orc:2    | Bought a potion of resistance for 130 gold pieces
 39382 | Orc:2    | Bought 2 potions of resistance for 260 gold pieces
 39382 | Orc:2    | Bought a potion of curing for 39 gold pieces
 39962 | Snake:2  | Identified the +0 helmet "Dotahuw" {rElec rC++ Int-2 SInv}
 40302 | Snake:2  | Noticed Vashnia
 40322 | Snake:2  | Killed Vashnia
 42159 | Snake:3  | Found Imuuvath's Jewellery Shoppe.
 42160 | Snake:3  | Found Leku Isi's Book Shop.
 42161 | Snake:3  | Found Rianakli's Jewellery Shoppe.
 42947 | Snake:4  | Entered Level 4 of the Snake Pit
 42959 | Snake:4  | Noticed Agnes
 42965 | Snake:4  | Reached skill level 5 in Transmutations
 42971 | Snake:4  | Killed Agnes
 42972 | Snake:4  | Reached skill level 10 in Dodging
 42973 | Snake:4  | Reached XP level 17. HP: 79/140 MP: 1/30
 43262 | Snake:4  | Noticed Kirke
 43551 | Snake:4  | Killed Kirke
 44312 | Snake:4  | Reached skill level 10 in Earth Magic
 44468 | Snake:4  | Reached skill level 10 in Spellcasting
 45677 | Snake:4  | Noticed Aizul
 45690 | Snake:4  | Killed Aizul
 46316 | Snake:4  | Got a serpentine rune of Zot
 46779 | Shoals:1 | Entered Level 1 of the Shoals
 46916 | Shoals:2 | Reached skill level 15 in Invocations
 47722 | Shoals:4 | Entered Level 4 of the Shoals
 47739 | Shoals:4 | Reached skill level 1 in Evocations
 47748 | Shoals:3 | Reached XP level 18. HP: 34/149 MP: 29/32
 48103 | Shoals:4 | Noticed Ilsuiw
 48114 | Shoals:4 | Killed Ilsuiw
 48867 | Shoals:3 | Reached skill level 10 in Air Magic
 50129 | Shoals:2 | Noticed Polyphemus
 50143 | Shoals:2 | Killed Polyphemus
 51551 | Shoals:3 | Found an iron altar of Okawaru.
 55956 | Shoals:4 | Found Gunwa Gei's Magic Scroll Emporium.
 56247 | Shoals:4 | Found a shadowy altar of Dithmenos.
 56609 | Shoals:4 | Identified the +0 cloak of Mental Paralysis {rPois rF++
                  | Int+7}
 56866 | Shoals:4 | Got a barnacled rune of Zot
 57225 | Vaults:1 | Entered Level 1 of the Vaults
 57417 | Vaults:1 | Reached XP level 19. HP: 159/165 MP: 32/33
 58762 | Snake:3  | Bought the ring of Summertime {rF+ rC+ Will+ Dex+4 Slay+3}
                  | for 938 gold pieces
 59344 | Vaults:1 | Learned a level 5 spell: Borgnjor's Vile Clutch
 59530 | Vaults:1 | Reached skill level 1 in Necromancy
 59788 | Vaults:1 | Found a runed translucent door.
 59897 | Vaults:1 | Noticed Switch's ghost (veteran DDFi)
 60549 | Vaults:1 | Found Eqoeram's Assorted Antiques.
 61939 | Vaults:2 | Reached skill level 15 in Fighting
 61939 | Vaults:2 | Reached skill level 5 in Necromancy
 62520 | Vaults:2 | Reached XP level 20. HP: 147/178 MP: 1/35
 65254 | Vaults:3 | Acquired 463 gold pieces
 65547 | Vaults:3 | Found a staircase to the Crypt.
 66112 | Vaults:4 | Identified the +4 long sword of Kafoh {speed, rElec Int+3}
 67082 | Vaults:4 | Reached XP level 21. HP: 128/192 MP: 6/37
 69715 | Depths:1 | Entered Level 1 of the Depths
 69715 | Depths:1 | Noticed Bai Suzhen
 69748 | D:15     | Killed Bai Suzhen
 70759 | Depths:1 | Noticed a dread lich
 70881 | D:15     | Upgraded the game from 0.27-a0-1384-g1422d76b99 to
                  | 0.27-a0-1416-g941b2bd30b
 70937 | D:14     | Identified the +8 ring mail of Jeuruily {Rampage rC++}
 70939 | D:14     | Identified the +1 helmet of Duolyjat {Harm rN+ Int-2 Dex+4}
 71916 | Snake:3  | Bought the amulet of Arem {Faith rF+ rC+ rCorr SInv} for
                  | 991 gold pieces
 72264 | Elf:1    | Entered Level 1 of the Elven Halls
 72342 | Elf:1    | Identified the +6 scimitar of Suicidal Tendencies {flame,
                  | +Rage rElec Int+2}
 72782 | Elf:1    | Paralysed by an air elemental for 1 turns
 73208 | Elf:1    | Learned a level 6 spell: Iron Shot
 73490 | Elf:1    | Found Nemuzxu's Antique Weapon Shoppe.
 73681 | Elf:2    | Paralysed by an air elemental for 1 turns
 73684 | Elf:2    | Paralysed by an air elemental for 1 turns
 73688 | Elf:2    | Identified the +0 pair of gloves "Epoj" {rC+ Stlth+}
 73688 | Elf:2    | Noticed Nikola
 73902 | D:15     | Killed a dread lich
 73947 | Depths:1 | Identified the +3 battleaxe of the Wizarding Jester
                  | {freeze, Will+ Int+4}
 74584 | Depths:1 | Identified the +1 cloak "Aghy" {Regen+}
 74688 | Depths:1 | Found a shimmering blue altar of Sif Muna.
 74694 | Depths:1 | Found Zuoziazi's Book Emporium.
 74699 | Depths:1 | Found Naesoin's Book Shoppe.
 75576 | Depths:1 | Found a gateway to Hell.
 75817 | Depths:2 | Reached XP level 22. HP: 190/206 MP: 28/38
 76050 | Depths:2 | Noticed a caustic shrike
 76336 | Depths:1 | Killed a caustic shrike
 76993 | Depths:2 | Identified the amulet "Tomiawey" {rElec Will++ Regen+
                  | Dex-2}
 76999 | Depths:2 | Identified the ring of Reysee {rPois rCorr MP+9 Slay-5
                  | Stlth+}
 78849 | Depths:3 | Found a one-way gate leading to the halls of Pandemonium.
 79260 | Depths:3 | Found a portal to a secret trove of treasure.
 79299 | Depths:3 | Found a runed translucent door.
 79331 | Depths:3 | Found a runed translucent door.
 79381 | Depths:3 | Found a gateway to a ziggurat.
 79655 | Depths:3 | Found a one-way gate to the infinite horrors of the Abyss.
 79895 | Depths:4 | Noticed a juggernaut
 79902 | Depths:4 | Killed a juggernaut
 80336 | Depths:4 | Found Fehanac's General Store.
 80822 | Depths:3 | Reached XP level 23. HP: 206/215 MP: 41/41
 81009 | Depths:4 | Found a sacrificial altar of Ru.
 81020 | Depths:4 | Found Zaan's Book Shoppe.
 81146 | Depths:4 | Identified the +0 robe of the Invisible Tables {Harm rPois
                  | rF+++ Str-2}
 81371 | Depths:4 | Found a runed translucent gate.
 81371 | Depths:4 | Found a runed translucent gate.
 81371 | Depths:4 | Found a runed translucent gate.
 81371 | Depths:4 | Found a runed translucent gate.
 81371 | Depths:4 | Noticed an ancient lich
 81371 | Depths:4 | Noticed a caustic shrike
 81372 | Depths:4 | Found a runed translucent gate.
 81372 | Depths:4 | Found a runed translucent gate.
 81414 | Depths:4 | Learned a level 8 spell: Lehudib's Crystal Spear
 81814 | Depths:5 | Entered Level 5 of the Depths
 81917 | Depths:5 | Noticed Boris
 81931 | Depths:5 | Killed Boris
 82742 | Depths:5 | Found a gate to the Realm of Zot.
 84181 | Depths:5 | Noticed a dread lich
 84188 | Depths:5 | Killed a dread lich
 84311 | Depths:5 | Got the Grimoire of Black Secrets
 84408 | Depths:5 | Reached skill level 15 in Spellcasting
 84488 | Depths:5 | Found a sacrificial altar of Ru.
 84984 | Vaults:5 | Entered Level 5 of the Vaults
 85399 | Vaults:5 | Noticed Boris
 85403 | Vaults:5 | Killed Boris
 85404 | Vaults:5 | Reached XP level 24. HP: 126/224 MP: 1/42
 85478 | Vaults:5 | Identified the +3 falchion of Calamity {protect, rF++}
 85489 | Vaults:5 | Reached skill level 15 in Dodging
 85790 | Vaults:5 | Noticed Frederick
 85819 | Vaults:5 | Killed Frederick
 86245 | Vaults:5 | Identified the +6 scimitar "Obyseuf" {freeze, rPois}
 86254 | Vaults:5 | Reached skill level 15 in Conjurations
 86551 | Vaults:5 | Got a silver rune of Zot
 86814 | Vaults:5 | Identified the +9 hunting sling of Impermanence {freeze,
                  | rC++ Int+4}
 86825 | Vaults:5 | Reached skill level 15 in Earth Magic
 86859 | Vaults:5 | Identified the ring "Qokep" {rF++ rC+}
 86941 | Vaults:5 | Noticed a dread lich
 86950 | Vaults:5 | Killed a dread lich
 87401 | Vaults:5 | Got the Catalogue of Shifting Earth
 87930 | Vaults:5 | Got the Incunabulum of Fetching Moulding
 88585 | Zot:1    | Entered Level 1 of the Realm of Zot
 89103 | Depths:4 | Bought a scroll of magic mapping for 70 gold pieces
 89189 | Depths:1 | Bought a manual of Earth Magic for 1200 gold pieces
 89511 | Zot:1    | Reached XP level 25. HP: 208/231 MP: 3/42
 92548 | Zot:5    | Entered Level 5 of the Realm of Zot
 92978 | Zot:5    | Found a transporter.
 92989 | Zot:5    | Noticed Ushret's ghost (legendary GnFE)
 93275 | Zot:5    | Noticed a dread lich
 93281 | Zot:5    | Noticed a Killer Klown
 93441 | Zot:5    | Found a transporter.
 93719 | Zot:5    | Noticed a Killer Klown
 93723 | Zot:5    | Killed a Killer Klown
 94102 | Zot:5    | Noticed a Killer Klown
 94109 | Zot:5    | Noticed an orb of fire
 94109 | Zot:5    | Noticed a Killer Klown
 94111 | Zot:5    | Noticed a juggernaut
 94111 | Zot:5    | a Killer Klown changed into a juggernaut
 94360 | Zot:5    | Learned a level 7 spell: Orb of Destruction
 94514 | Zot:5    | Killed an orb of fire
 94515 | Zot:5    | Reached XP level 26. HP: 235/239 MP: 14/42
 94668 | Zot:5    | Found a transporter.
 94673 | Zot:5    | Noticed an orb of fire
 94675 | Zot:5    | Gained mutation: You are frail. (-10% HP) [an orb of fire]
 94677 | Zot:5    | Killed an orb of fire
 94817 | Zot:5    | Found a transporter.
 94915 | Zot:5    | Noticed an ancient lich
 94923 | Zot:5    | Killed an ancient lich
 95064 | Zot:5    | Noticed a dread lich
 95074 | Zot:5    | Killed a dread lich
 95523 | Zot:5    | Noticed a dread lich
 95530 | Zot:5    | Killed a dread lich
 95684 | Zot:5    | Killed a juggernaut
 96562 | Zot:5    | Noticed an ancient lich
 96567 | Zot:5    | Killed an ancient lich
 96623 | Zot:5    | Noticed a dread lich
 96630 | Zot:5    | Killed a dread lich
 97586 | Zot:5    | Reached XP level 27. HP: 194/221 MP: 31/42
 97674 | Zot:5    | Noticed an orb of fire
 97683 | Zot:5    | Gained mutation: You are clumsy. (Dex -2) [an orb of fire]
 97687 | Zot:5    | Killed an orb of fire
 97900 | Zot:5    | Noticed an orb of fire
 97901 | Zot:5    | Gained mutation: Your spells are a little easier to cast,
                  | but a little less powerful. [an orb of fire]
 97905 | Zot:5    | Gained mutation: You are very clumsy. (Dex -4) [an orb of
                  | fire]
 97905 | Zot:5    | Gained mutation: Your magical capacity is low. (-10% MP)
                  | [an orb of fire]
 97907 | Zot:5    | Killed an orb of fire
 98012 | Zot:5    | Got the Orb of Zot
 98155 | Zot:2    | Noticed Googufy the pandemonium lord
 98163 | Zot:2    | Paralysed by a floating eye for 3 turns
 98259 | Zot:1    | Noticed Fyoxuo the pandemonium lord
 98973 | D:$      | Escaped with the Orb!

Illustrated notes

Levels and vault maps discovered:
D:1:      tarquinn_simple_flora_water_a, layout_loops_ring, serial_shops, shop,
          hellmonk_ecumenical_altar_arch_garden, st_stairs_5,
          minmay_stone_trees_small
D:2:      layout_basic, basic_altar
D:3:      layout_basic, marbit_many_paths, minmay_misc_feat_rows,
          minmay_fractal_squares_diagonal_5
D:4:      layout_loops_corners, st_stairs_2, minmay_between, uniq_sigmund
D:5:      layout_loops_corners, serial_shops, shop,
          nicolae_shop_competitors_out_of_business, shop,
          nicolae_shop_statue_plus, shop, uniq_edmund
D:6:      layout_loops_corners, nicolae_gozag_cash_rules_everything_around_me,
          minmay_temple_entry_junction, kennysheep_generic_room_14
D:7:      layout_loops_corners, lemuel_round_altar, serial_shops, shop,
          corexii_corridor_pit
D:8:      layout_gridville, okawaru_gym_becter, elyvilon_altar_5,
          lair_entry_dummy, uniq_joseph, uniq_grum, uniq_pikel
D:9:      layout_cave_pods, old_standard_altar, nicolae_overflow_hidden_temple,
          minivault_5, kennysheep_small_square
D:10:     nzn_winding_woodlands_three_and_one
          [nzn_winding_woodlands_5x15_jagged,
          nzn_winding_woodlands_5x15_pockets,
          nzn_winding_woodlands_5x15_river_crossing,
          nzn_winding_woodlands_center_garden], layout_basic, special_room
          [special_room_bee], hangedman_misty_isle, uniq_maggie
D:11:     layout_layer_cave, orc_0_dummy
D:12:     layout_basic
D:13:     layout_loops_ring, david_vaults_4, portal_ice_cave_entry_pillars_1,
          minmay_misc_feat_columns, nicolae_elemental_shop, worms_lemuel
D:14:     layout_rooms, gammafunk_ghost_mausoleum,
          infiniplex_staircase_split_hallway
D:15:     gammafunk_enter_depths_forms, layout_irregular_city
Lair:1:   layout_chaotic_city, lemuel_fruit_tree, uniq_fannar, uniq_sonja,
          uniq_harold
Lair:2:   layout_cave_pods, elwin_shoals_entry_rooms, serial_forest,
          infiniplex_forest_lined_2, infiniplex_forest_fountain,
          infiniplex_forest_clump_medium, infiniplex_forest_straight_2,
          infiniplex_forest_straight_2, infiniplex_forest_zigzag_1,
          infiniplex_forest_clump_small, infiniplex_forest_join,
          infiniplex_forest_corner_1, eino_house_with_fridge,
          infiniplex_staircase_pool, uniq_erica
Lair:3:   layout_regular_city, dummy_snake_entry, forest_entry_grove,
          grunt_megastairs_2, infiniplex_staircase_pool_2
Lair:4:   layout_gridlike, kilobyte_rumbling_trees, serial_bayou_shore_b,
          grunt_megastairs_5, lemuel_fruit_fields, lemuel_fruit_fields
Lair:5:   layout_cave_pods, minmay_slime_entry_pillars
Lair:6:   minmay_lair_end_frog_pond, layout_gridlike, minivault_11
Shoals:1: layout_shoals, nicolae_shoals_nautilus_by_nature
Shoals:2: layout_shoals, nicolae_shoals_cliffside_cave, uniq_polyphemus
Shoals:3: layout_shoals, wheals_shoals_ruined_temple
Shoals:4: shoals_end_grunt_ice, layout_shoals, shoals_ilsuiw_ice, serial_shops,
          shop_scrolls, lemuel_oklob_altar
Snake:1:  layout_basic, serial_shops, nicolae_shop_behind_doors,
          serial_bayou_lagoon_a, minmay_shop_star
Snake:2:  layout_cave_pods, uniq_vashnia
Snake:3:  layout_cave_pods, minmay_shop_grove
Snake:4:  minmay_snake_end_coiled, layout_cave_town, st_stairs_8,
          serial_bayou_shore_b, uniq_agnes, uniq_kirke, uniq_aizul
Orc:1:    layout_caves
Orc:2:    st_orc_elflike, layout_caves, lightli_volcano_entry_magma_tube,
          uniq_erolcha
Elf:1:    layout_loops_cross, serial_shops, shop,
          hangedman_elven_crosses_minicolossus
Elf:2:    layout_geoelf_grid, serial_sigils_hangedman_snap, uniq_nikola
Vaults:1: ebering_vaults_ghost_inner_flame, hangedman_vaults_nails,
          vaults_dpeg_encased_lava, v_pattern_5, st_cross,
          hangedman_vaults_maws, ontoclasm_vaults_decontamination,
          nicolae_vaults_back_hallway, ontoclasm_vaults_gateway,
          hangedman_vaults_stream, vaults_mumra_hex,
          vaults_room_grunt_arrival_ludios, nicolae_vaults_asterisk,
          layout_vaults_omnicross, serial_shops, nicolae_shop_overgrown_old_shop
Vaults:2: v_pattern_4, vaults_room_large_hall, ontoclasm_vaults_twist,
          vaults_dpeg_diagonal, nicolae_vaults_circle_grid_a,
          hangedman_vaults_hat, vaults_standard_mumra_lines, grunt_vaults_swirl,
          v_rooms_3, nicolae_vaults_three_branches, nicolae_vaults_theta,
          layout_vaults_ring
Vaults:3: minmay_crypt_entry_simple_sparse, nicolae_vaults_ninety_degrees,
          ontoclasm_vaults_shout, grunt_vaults_funnel,
          nicolae_vaults_little_squares_4, ontoclasm_vaults_spin,
          grunt_vaults_diagonal, layout_vaults_omnigrid
Vaults:4: vaults_mumra_minichess_inversion, nicolae_vaults_network_quincunx
          [nicolae_vaults_network_quincunx_subvault,
          nicolae_vaults_network_quincunx_subvault,
          nicolae_vaults_network_quincunx_subvault,
          nicolae_vaults_network_quincunx_subvault,
          nicolae_vaults_network_quincunx_subvault],
          nicolae_vaults_little_squares_5, vaults_room_ringed_pool,
          vaults_dpeg_hooks, hangedman_vaults_stretched_pinwheel, v_misc_17,
          nicolae_vaults_network_quinsquares
          [nicolae_vaults_network_quincunx_subvault,
          nicolae_vaults_network_quincunx_subvault,
          nicolae_vaults_network_quincunx_subvault,
          nicolae_vaults_network_quincunx_subvault], nicolae_vaults_theta,
          nicolae_vaults_statue_guard, vaults_room_fours,
          grunt_vaults_hallway_long, nicolae_vaults_little_squares_2,
          v_alt_pattern_2, layout_vaults_omnibox
Vaults:5: uniq_frederick
Depths:1: layout_gridville, nicolae_sif_muna_condensation,
          grunt_hell_entry_dis_grunt, nzn_random_ring, minmay_shoptagon,
          uniq_bai_suzhen
Depths:2: minmay_the_grid_octo_2x2 [minmay_the_grid_octo_77,
          minmay_the_grid_octo_empty, minmay_the_grid_octo_vomiting_pacman,
          minmay_the_grid_octo_prize_square_snowflake], layout_cave_pools,
          hell_entry, corexii_corridor_pit, minmay_misc_feat_pillars
Depths:3: minmay_expanding_circles, layout_cave_shapes, enter_ziggurat_e,
          enter_trove_0, hangedman_abyss_entry_splay, serial_bayou_pond_e,
          pf_hell_entry_great_geh, grunt_pan_entry_sceptre,
          minmay_staircase_statues_hall_small
Depths:4: kennysheep_treasure_stockpile, layout_cross, serial_shops,
          nicolae_shop_stone, shop_fountains, hangedman_tar_grid_catacomb,
          abyss_entry_small_statue_room, nicolae_ru_path_of_blood,
          infiniplex_staircase_hallway_doors, serial_bayou_shore_b
Depths:5: evilmike_zot_entry_round, layout_gridlike, abyss_entry, special_room
          [special_room_morgue], lemuel_statue_altar, pf_coc_iceberg, uniq_boris
Zot:1:    layout_cathedral_of_symmetry, skrybe_zot_glass_1
Zot:2:    layout_cathedral_of_symmetry
Zot:3:    layout_concentric_octagons
Zot:4:    layout_onion, grunt_megastairs_3
Zot:5:    layout_gridlike, gammafunk_ghost_abyssal_escape

Skill      XL: |  1  2  3  4  5  6  7  8  9 10 11 12 13 14 15 16 17 18 19 20 21 22 23 24 25 26 27 |
---------------+----------------------------------------------------------------------------------+-----
Stealth        | 2 |  2.0
Dodging        | 2 5 8 10 11 12 13 14 16 17 19 20 | 20.0
Conjurations   | 2 3 4 5 6 8 9 10 11 12 14 15 16 19 20 | 20.0
Spellcasting   | 3 4 5 6 7 8 9 10 11 12 14 15 | 15.0
Air Magic      | 4 4 5 6 7 9 10 | 10.0
Poison Magic   | 1 |  1.1
Maces & Flails | 2 5 6 8 10 11 13 14 | 14.0
Invocations    | 1 4 6 8 10 12 13 14 15 17 19 20 | 20.0
Shields        | 4 |  4.0
Fighting       | 5 8 10 13 15 17 19 20 | 20.0
Summonings     | 3 |  3.7
Ice Magic      | 3 4 |  4.0
Earth Magic    | 8 10 13 16 20 | 20.9
Hexes          | 3 |  3.6
Transmutations | 5 6 |  6.5
Evocations     | 1 |  1.0
Necromancy     | 5 |  5.0

Action                   |  1- 3 |  4- 6 |  7- 9 | 10-12 | 13-15 | 16-18 | 19-21 | 22-24 | 25-27 || total
-------------------------+-------+-------+-------+-------+-------+-------+-------+-------+-------++-------
Melee: Unarmed           |     2 |       |       |       |       |     5 |       |       |       ||     7
       Club              |     2 |       |       |       |       |       |       |       |       ||     2
       Flail             |    10 |       |       |       |       |       |       |       |       ||    10
       Dagger            |     9 |    22 |    24 |       |       |       |       |       |       ||    55
       Tailslap          |     1 |     3 |    10 |    28 |    79 |    60 |   162 |   237 |   129 ||   709
       Shillelagh        |       |       |    51 |   318 |   754 |   528 |   898 |    74 |       ||  2623
       Staff             |       |       |       |       |       |     3 |    48 |    35 |     2 ||    88
       Demon whip        |       |       |       |       |       |       |       |  1122 |   705 ||  1827
Throw: Dart              |       |     6 |    12 |     1 |     7 |    11 |       |       |       ||    37
       Throwing net      |       |       |       |     2 |       |     8 |     6 |     7 |     9 ||    32
 Cast: Shock             |    75 |   132 |   160 |    50 |    22 |    33 |       |     3 |    17 ||   492
       Static Discharge  |       |     4 |     6 |    14 |    39 |    27 |    39 |       |       ||   129
       Swiftness         |       |     2 |     1 |     3 |     2 |     4 |     2 |       |       ||    14
       Airstrike         |       |       |    15 |    30 |    37 |    62 |    36 |    14 |       ||   194
       Mephitic Cloud    |       |       |     6 |    27 |     6 |     3 |     5 |     8 |       ||    55
       Lightning Bolt    |       |       |     1 |    52 |   181 |   428 |   265 |    70 |     5 ||  1002
       Summon Lightning  |       |       |       |       |     1 |       |       |       |       ||     1
       Leda's Liquefacti |       |       |       |       |       |     9 |     4 |     7 |     1 ||    21
       Freezing Cloud    |       |       |       |       |       |    26 |    19 |    45 |    31 ||   121
       Statue Form       |       |       |       |       |       |     4 |     4 |    10 |    12 ||    30
       Borgnjor's Vile C |       |       |       |       |       |       |    10 |    73 |    87 ||   170
       Iron Shot         |       |       |       |       |       |       |    10 |    38 |    19 ||    67
       Lehudib's Crystal |       |       |       |       |       |       |       |    10 |    67 ||    77
       Orb of Destructio |       |       |       |       |       |       |       |       |     7 ||     7
Invok: Upheaval          |       |       |     1 |       |     2 |    15 |     1 |     2 |       ||    21
       Elemental Force   |       |       |       |     1 |       |     1 |       |       |     3 ||     5
       Disaster Area     |       |       |       |       |     3 |     5 |     3 |     5 |       ||    16
 Abil: End Transformatio |       |       |       |       |       |       |       |       |     1 ||     1
Evoke: Wand              |       |       |       |    11 |    44 |    96 |     4 |     2 |     2 ||   159
       Box of beasts     |       |       |       |       |     1 |       |       |       |       ||     1
       Phantom mirror    |       |       |       |       |       |     2 |     4 |     2 |     3 ||    11
       Lightning rod     |       |       |       |       |       |       |       |       |     4 ||     4
  Use: Scroll            |       |     5 |     4 |    17 |     7 |    11 |     4 |    16 |     5 ||    69
       Potion            |       |       |       |     2 |       |     7 |     1 |     7 |     4 ||    21
 Stab: Sleeping          |       |     1 |       |       |       |       |       |       |       ||     1
       Confused          |       |       |     3 |    16 |     1 |     1 |     4 |     4 |       ||    29
       Held in net/web   |       |       |       |       |       |     3 |     4 |     2 |       ||     9
       Distracted        |       |       |       |       |       |       |       |     1 |     3 ||     4
       Paralysed         |       |       |       |       |       |       |       |       |     2 ||     2
Armor: Skin              |    16 |     9 |    45 |   133 |   230 |   222 |   275 |   333 |   187 ||  1450
Dodge: Dodged            |    26 |    27 |    50 |   197 |   289 |   407 |   519 |   524 |   357 ||  2396
       Repelled          |       |       |       |     2 |    10 |    35 |    11 |    16 |    28 ||   102
Block: Other             |       |     1 |     7 |     2 |       |     4 |       |       |       ||    14
       Buckler           |       |       |       |   194 |   564 |   492 |   641 |   584 |   311 ||  2786

Table legend: (Time is in decaauts)
 A = Elapsed time spent in this place.
 B = Non-inter-level travel time spent in this place.
 C = Inter-level travel time spent in this place.
 D = Time resting spent in this place.
 E = Time spent auto-exploring this place.
 F = Levels seen in this place.
 G = Mean time per level.
                   A        B        C        D        E       F      G
               +--------+--------+--------+--------+--------+-----+--------+
         Total |  97953 |  86353 |  11600 |  32977 |  40633 |  49 | 1999.0 |
       Dungeon |  27749 |  23098 |   4651 |   6301 |  13596 |  15 | 1849.9 |
          Lair |   9046 |   7691 |   1355 |   2164 |   4779 |   6 | 1507.7 |
        Shoals |  10127 |   9722 |    405 |   5599 |   2976 |   4 | 2531.8 |
     Snake Pit |  10241 |   8718 |   1523 |   3741 |   3758 |   4 | 2560.2 |
  Orcish Mines |   3409 |   3056 |    353 |   1590 |    977 |   2 | 1704.5 |
   Elven Halls |   1386 |   1341 |     45 |     26 |   1078 |   2 |  693.0 |
        Vaults |  14189 |  12432 |   1757 |   3684 |   6593 |   5 | 2837.8 |
        Depths |  11945 |  11045 |    900 |   4624 |   4886 |   5 | 2389.0 |
           Zot |   8733 |   8126 |    607 |   4963 |   1364 |   5 | 1746.6 |
      Ice Cave |   1123 |   1123 |      0 |    282 |    625 |   1 | 1123.0 |
               +--------+--------+--------+--------+--------+-----+--------+

Top non-repeatable levels by time:
   Zot:5: 5473 daAuts
Shoals:3: 4621 daAuts
Vaults:3: 3495 daAuts
Vaults:1: 3252 daAuts
 Snake:3: 3184 daAuts
Depths:1: 2860 daAuts
Depths:5: 2859 daAuts
    D:10: 2828 daAuts
    D:15: 2764 daAuts
    D:11: 2712 daAuts
Depths:3: 2616 daAuts
 Snake:1: 2597 daAuts
Vaults:5: 2558 daAuts
Vaults:2: 2526 daAuts
Vaults:4: 2356 daAuts
